 Dungeon Crawl Stone Soup version 0.23-a0-456-gc514d67 (webtiles) character file.

20475 Geeful the Unseen (level 13, -2/75 HPs)
             Began as a Kobold Enchanter on Nov 15, 2018.
             Was a High Priest of Nemelex Xobeh.
             Splashed by an acid dragon's acid (12 damage)
             ... on level 13 of the Dungeon on Nov 24, 2018.
             The game lasted 01:44:55 (17321 turns).

Geeful the Unseen (Kobold Enchanter)               Turns: 17321, Time: 01:44:55

Health: -2/75      AC: -8    Str: 12    XL:     13   Next: 12%
Magic:  17/17      EV: 23    Int: 17    God:    Nemelex Xobeh [*****.]
Gold:   824        SH:  8    Dex: 22    Spells: 10/16 levels left

rFire    . . .     SeeInvis +   P - +2 rapier (speed)
rCold    x . .     Gourm    .   f - +1 buckler
rNeg     . . .     Faith    .   y - +4 ring mail of the Monkey's Uncle {rC- Str+3 Stlth+}
rPois    .         Spirit   .   j - +0 hat {SInv}
rElec    .         Reflect  .   J - +1 cloak {MR+}
rCorr    .         Harm     .   F - +2 pair of gloves
MR       +....                  G - +1 pair of boots
Stlth    +++++++...             g - amulet of regeneration
HPRegen  0.62/turn              X - +3 ring of slaying
MPRegen  0.15/turn              Y - +6 ring of dexterity

@: corroded
A: small, carnivore
a: Triple Draw, Deal Four, Stack Five, Renounce Religion


You were on level 13 of the Dungeon.
You worshipped Nemelex Xobeh.
Nemelex Xobeh was extremely pleased with you.
You were very full.

You visited 2 branches of the dungeon, and saw 14 of its levels.

You collected 824 gold pieces.

Inventory:

Hand Weapons
 l - a +2 antimagic dagger
 P - a +2 rapier of speed (weapon)
Armour
 f - a +1 buckler (worn)
 j - a +0 hat of see invisible (worn)
 y - the +4 ring mail of the Monkey's Uncle (worn) {rC- Str+3 Stlth+}
   (You found it on level 7 of the Dungeon)

   It affects your strength (+3).
   It makes you vulnerable to cold.
   It makes you more stealthy.
 F - a +2 pair of gloves (worn)
 G - a +1 pair of boots (worn)
 J - a +1 cloak of magic resistance (worn)
Jewellery
 c - an uncursed ring of protection from fire
 g - an amulet of regeneration (around neck)
 n - a +3 ring of evasion
 p - an uncursed ring of flight
 R - an uncursed ring of protection from cold
 T - an uncursed ring of see invisible
 X - a +3 ring of slaying (left hand)
 Y - a +6 ring of dexterity (right hand)
Wands
 r - a wand of disintegration (39)
 s - a wand of clouds (2)
 t - a wand of digging (6)
 D - a wand of flame (2)
 I - a wand of enslavement (13)
 M - a wand of random effects (12)
Scrolls
 e - 7 scrolls of remove curse
 i - 2 scrolls of magic mapping
 k - 7 scrolls of teleportation
 m - a scroll of identify
 o - 3 scrolls of enchant weapon
 K - a scroll of fear
Potions
 h - a potion of magic
 u - a potion of haste
 v - 4 potions of curing
 A - a potion of lignification
 B - 4 potions of invisibility
 C - 2 potions of agility
 E - a potion of ambrosia
 L - a potion of heal wounds
 O - 2 potions of berserk rage
Miscellaneous
 a - a plain deck of summoning
 w - a plain deck of escape
 N - a plain deck of summoning {drawn: 5}
 S - a legendary deck of destruction {drawn: 4}
Comestibles
 d - 26 rations


   Skills:
 + Level 6.4 Fighting
 - Level 12.5 Short Blades
 - Level 11.7 Dodging
 + Level 15.7 Stealth
 - Level 5.6 Shields
 - Level 2.1 Spellcasting
 - Level 3.0 Hexes
 + Level 6.3 Invocations


You had 10 spell levels left.
You knew the following spells:

 Your Spells              Type           Power        Failure   Level  Hunger
a - Corona                Hex            ##.....      13%         1    #......
b - Ensorcelled Hibernat  Hex/Ice        #.....       34%         2    ###....
c - Confuse               Hex            ##......     36%         3    ###....

Your spell library contained the following spells:

 Spells                   Type           Power        Failure   Level  Hunger
 Confusing Touch          Hex            ##....       13%         1    #......
 Tukima's Dance           Hex            ##......     36%         3    ###....
 Sting                    Conj/Pois      #...         41%         1    #......
 Poisonous Vapours        Pois/Air       #.....       54%         2    ###....
 Dazzling Spray           Conj/Hex       #.....       56%         3    ###....
 Gell's Gravitas          Tloc           #.........   78%         3    ###....
 Mephitic Cloud           Conj/Pois/Air  #.......     78%         3    ###....
 Olgreb's Toxic Radiance  Pois           #.......     99%         4    #####..
 Petrify                  Tmut/Erth      #.......     99%         4    #####..
 Metabolic Englaciation   Hex/Ice        #.........   100%        5    ######.
 Venom Bolt               Conj/Pois      #.........   100%        5    ######.
 Yara's Violent Unravell  Hex/Tmut       #.........   100%        5    ######.


Dungeon Overview and Level Annotations

Branches:
Dungeon (13/15)            Temple (1/1) D:4            Lair (0/6) D:10
    Orc (0/2) D:9
 Vaults: D:13-14

Altars:
Ashenzari
Gozag
Makhleb
Nemelex Xobeh
Okawaru
Sif Muna
Trog
Uskayaw
Wu Jian
Xom
The Shining One

Shops:
D:9 [   D:13 [

Annotations:
D:9 3 runed doors, Cryolive's ghost, adept GrEE


Innate Abilities, Weirdness & Mutations

You are small and have problems with some larger weapons.
You are carnivorous and can eat meat at any time.


Message History

The rust devil corrodes you!
You hit the acid dragon but do no damage.
The acid dragon is almost dead.
The acid dragon barely misses you. The acid dragon completely misses you.
The yak closely misses you.
Your insubstantial wisp closely misses the rust devil.
You hit the acid dragon but do no damage.
The acid dragon is almost dead.
Your insubstantial wisp closely misses the acid dragon.
Your insubstantial wisp barely misses the yak.
The yak misses you.
You hit the yak but do no damage.
The yak is almost dead.
You block the rust devil's attack. The acid dragon spits acid at you.
The splash of acid hits you!
* * * LOW HITPOINT WARNING * * *
You are splashed with acid!
The acid burns!
You die...
Your body glows slightly and disappears.

#####################
...#.......#........#
...#.......#........#
...#....∩..#........+
...#.......#........#
...#####...# ##v###
...#.....(.#####DY..#
...#...##'##...#@4..#
...#...#...#...'vY..#
...#...#...#...#..v.#
#'##...#...#...#....#
...#####[..#####...##
...........#.......#
...........#.......#
...........#.......#
...#...#...##'###+#########


You could see a rust devil, 2 yaks, an acid dragon and 3 friendly insubstantial
wisps.

Vanquished Creatures
  Erolcha (D:12)
  A hydra (D:12)
  An unseen horror (D:11)
  3 ugly things
  An elephant (D:10)
  2 centaur zombies (D:12)
  An ice statue (D:13)
  A centaur skeleton (D:12)
  The ghost of ultrashaft the Carver, a novice OpFi (D:4)
  3 trolls
  A hippogriff (D:10)
  4 slime creatures (D:13)
  A shadow (D:10)
  2 wyverns
  10 yaks
  A wraith (D:10)
  A fire elemental (D:12)
  A steam dragon (D:8)
  2 basilisks
  A hungry ghost (D:8)
  3 vampire mosquitoes
  An insubstantial wisp (D:8)
  Edmund (D:5)
  An acid dragon (D:12)
  2 wargs (D:9)
  A water moccasin (D:5)
  A soldier ant (D:12)
  4 hell hounds (D:12)
  2 black bears
  7 sky beasts
  2 ice beasts
  7 orc warriors
  A hornet zombie (D:8)
  A necrophage (D:7)
  2 phantoms
  6 ogres
  6 centaurs
  A crocodile (D:10)
  6 big kobolds
  8 bullfrogs
  A water moccasin zombie (D:8)
  A wyvern zombie (D:6)
  5 scorpions
  7 wights
  A howler monkey (D:4)
  8 crimson imps
  A bullfrog zombie (D:5)
  4 hounds
  2 jellies
  8 orc wizards
  6 orc priests
  A gnoll shaman (D:9)
  An iron imp (D:5)
  4 bullfrog skeletons
  4 iguanas
  Ijyb (D:5)
  8 worker ants
  A hound zombie (D:5)
  3 hound skeletons
  4 worker ant zombies
  6 gnolls
  A howler monkey skeleton (D:5)
  9 adders
  2 shadow imps
  An ufetubus (D:13)
  2 oozes
  5 adder skeletons
  7 worms
  4 dart slugs
  7 leopard geckos
  42 orcs
  3 ball pythons
  7 giant cockroaches
  4 goblins
  4 hobgoblins
  14 jackals
  30 kobolds
  6 quokkas
  5 bats
  3 frilled lizards
  4 goblin zombies (D:5)
  A hobgoblin zombie (D:5)
  A kobold skeleton (D:5)
  A kobold zombie (D:5)
  2 orc skeletons (D:5)
  A quokka zombie (D:8)
  3 rats
348 creatures vanquished.

Vanquished Creatures (collateral kills)
  Gastronok (D:9)
  Nessos (D:12)
  Azrael (D:12)
  A two-headed ogre (D:9)
  7 ice devils (D:13)
  A yak (D:8)
  An insubstantial wisp (D:8)
  A hell hound (D:11)
  An orc warrior (D:12)
  4 centaurs (D:11)
  A wight (D:12)
  A wyvern simulacrum (D:9)
  2 ufetubi (D:13)
  A leopard gecko (D:4)
  3 orcs (D:12)
27 creatures vanquished.

Vanquished Creatures (others)
  A gargoyle (D:9)
  2 big kobolds (D:9)
  A crimson imp (D:9)
  A bullfrog skeleton (D:12)
  2 ufetubi (D:13)
  4 kobolds (D:9)
  3 plants (D:9)
14 creatures vanquished.

Grand Total: 389 creatures vanquished

Notes
Turn   | Place    | Note
-------+----------+-------------------------------------------
     0 | D:1      | Geeful the Kobold Enchanter began the quest for the Orb.
     0 | D:1      | Reached XP level 1. HP: 10/10 MP: 3/3
   315 | D:1      | Reached XP level 2. HP: 15/15 MP: 5/5
   425 | D:1      | Learned a level 2 spell: Ensorcelled Hibernation
   813 | D:1      | You fall through a shaft!
   862 | D:2      | Found a deep blue altar of Sif Muna.
  1331 | D:2      | Reached XP level 3. HP: 4/19 MP: 1/6
  1904 | D:1      | Reached skill level 1 in Shields
  2200 | D:2      | Reached XP level 4. HP: 20/24 MP: 2/7
  2589 | D:2      | Reached skill level 5 in Stealth
  3028 | D:3      | Found a faded altar of an unknown god.
  3322 | D:3      | Reached XP level 5. HP: 28/28 MP: 8/8
  4002 | D:4      | Found a staircase to the Ecumenical Temple.
  4028 | Temple   | Entered the Ecumenical Temple
  4065 | Temple   | Became a worshipper of Nemelex Xobeh the Trickster
  4114 | D:4      | Upgraded the game from 0.23-a0-435-g79ed067 to
                  | 0.23-a0-444-g76343ca
  4261 | D:4      | Reached XP level 6. HP: 32/32 MP: 6/9
  4363 | D:4      | Received a gift from Nemelex Xobeh
  4529 | D:4      | Reached skill level 6 in Stealth
  4643 | D:4      | Found a large runed door.
  4644 | D:4      | Found a large runed door.
  4655 | D:4      | Noticed ultrashaft's ghost (novice OpFi)
  4697 | D:4      | Killed ultrashaft's ghost
  4697 | D:4      | Reached XP level 7. HP: 24/36 MP: 10/10
  4874 | D:4      | Reached skill level 5 in Short Blades
  4874 | D:4      | Reached skill level 5 in Dodging
  4975 | D:4      | Reached skill level 7 in Stealth
  5325 | D:5      | Entered Level 5 of the Dungeon
  5326 | D:5      | Noticed a water moccasin
  5335 | D:4      | Reached XP level 8. HP: 40/41 MP: 11/11
  5750 | D:5      | Noticed Ijyb
  5759 | D:5      | Killed Ijyb
  5882 | D:5      | Noticed Edmund
  5904 | D:5      | Killed Edmund
  6076 | D:5      | Reached skill level 8 in Stealth
  6522 | D:5      | Found an ornate altar of the Wu Jian Council.
  6824 | D:5      | Found a blossoming altar of Fedhas.
  6826 | D:5      | Found a shimmering altar of Xom.
  6826 | D:5      | Found an opulent altar of Gozag.
  6828 | D:5      | Found a white marble altar of Elyvilon.
  6828 | D:5      | Found a hide-covered altar of Uskayaw.
  6828 | D:5      | Found a hazy altar of Hepliaklqana.
  7265 | D:5      | Learned a level 3 spell: Confuse
  7344 | D:5      | Reached XP level 9. HP: 45/45 MP: 4/12
  7433 | D:5      | Found a glowing golden altar of the Shining One.
  7518 | D:5      | Reached * piety under Nemelex Xobeh
  8551 | D:6      | Reached skill level 9 in Stealth
  9254 | D:7      | Received a gift from Nemelex Xobeh
  9313 | D:7      | Got a bloodstained ring mail
  9324 | D:7      | Identified the +4 ring mail of the Monkey's Uncle {rC-
                  | Str+3 Stlth+} (You found it on level 7 of the Dungeon)
  9421 | D:7      | Reached ** piety under Nemelex Xobeh
  9425 | D:7      | Found a shattered altar of Ashenzari.
  9606 | D:7      | Reached skill level 5 in Shields
 10140 | D:8      | Reached skill level 10 in Stealth
 10277 | D:8      | Reached XP level 10. HP: 50/50 MP: 2/13
 10378 | D:8      | Found a hide-covered altar of Uskayaw.
 10381 | D:8      | Received a gift from Nemelex Xobeh
 10870 | D:8      | Reached skill level 11 in Stealth
 11458 | D:9      | Reached skill level 10 in Short Blades
 11471 | D:9      | Noticed a gargoyle
 11471 | D:9      | Noticed a two-headed ogre
 11857 | D:9      | Received a gift from Nemelex Xobeh
 11860 | D:9      | Noticed Gastronok
 11896 | D:9      | Killed Gastronok
 11896 | D:9      | Reached skill level 10 in Dodging
 11896 | D:9      | Reached skill level 12 in Stealth
 11896 | D:9      | Reached XP level 11. HP: 47/54 MP: 14/14
 11933 | D:9      | Killed a two-headed ogre
 12019 | D:9      | Reached *** piety under Nemelex Xobeh
 12075 | D:9      | Found a runed gate.
 12077 | D:9      | Noticed Cryolive's ghost (adept GrEE)
 12081 | D:9      | Noticed an 11-headed hydra
 12082 | D:9      | Found a runed gate.
 12082 | D:9      | Found a runed gate.
 12193 | D:9      | Found Nuwkon's Antique Armour Shoppe.
 12196 | D:9      | Found a burning altar of Makhleb.
 12207 | D:9      | Noticed Maurice
 12221 | D:9      | Noticed Maurice
 12221 | D:9      | Maurice changed into Maurice the bullfrog
 12236 | D:9      | Killed Maurice the bullfrog
 12623 | D:9      | Found a staircase to the Orcish Mines.
 12893 | D:10     | Entered Level 10 of the Dungeon
 13084 | D:10     | Found a staircase to the Lair.
 13085 | D:10     | Noticed an elephant
 13087 | D:10     | Reached skill level 13 in Stealth
 13717 | D:10     | Received a gift from Nemelex Xobeh
 13723 | D:10     | Reached **** piety under Nemelex Xobeh
 13759 | D:10     | Killed an elephant
 14308 | D:11     | Received a gift from Nemelex Xobeh
 14534 | D:11     | Received a gift from Nemelex Xobeh
 14658 | D:11     | Noticed an unseen horror
 14869 | D:11     | Noticed a cyan ugly thing
 14911 | D:11     | Killed an unseen horror
 14911 | D:11     | Reached XP level 12. HP: 59/59 MP: 12/15
 15099 | D:11     | Received a gift from Nemelex Xobeh
 15160 | D:12     | Reached skill level 14 in Stealth
 15160 | D:12     | Reached skill level 1 in Invocations
 15171 | D:12     | Reached skill level 1 in Fighting
 15172 | D:12     | Identified a scroll of acquirement
 15373 | D:12     | Upgraded the game from 0.23-a0-444-g76343ca to
                  | 0.23-a0-456-gc514d67
 15514 | D:12     | Noticed Azrael
 15713 | D:12     | Noticed Nessos
 15717 | D:12     | Killed Azrael
 15835 | D:13     | Reached ***** piety under Nemelex Xobeh
 16005 | D:12     | Killed Nessos
 16070 | D:12     | Noticed Erolcha
 16160 | D:12     | Killed Erolcha
 16160 | D:12     | Reached skill level 15 in Stealth
 16231 | D:12     | Reached skill level 5 in Invocations
 16257 | D:12     | Noticed a four-headed hydra
 16303 | D:12     | Killed a four-headed hydra
 16303 | D:12     | Reached skill level 5 in Fighting
 16672 | D:13     | Received a gift from Nemelex Xobeh
 16747 | D:13     | Reached XP level 13. HP: 65/74 MP: 17/17
 16980 | D:13     | Found Tomus's Armour Shoppe.
 17321 | D:13     | Splashed by an acid dragon's acid

Vault maps used:
D:1:      wander_arrival_estate
D:2:      lemuel_round_altar, st_stairs_11
D:3:      first_ration, chequers_ecumenical_altar_simple_redux, glass_columns_a
D:4:      minmay_temple_entry_large_hall, ebering_ghost_disaster_area,
          eino_small_chamber_without_monster
D:5:      doesnt_xom_only_xom, lemuel_doored_altar,
          nicolae_tso_besieged_by_evil, uniq_edmund, uniq_ijyb
D:7:      basic_altar
D:8:      basic_altar, blue_anna_alchemist, hangedman_misty_isle
D:9:      bloody_makhleb, minmay_orc_entry_guard_dogs, serial_shops,
          shop_statue, gammafunk_ghost_hydra_chop, uniq_maurice, uniq_gastronok
D:10:     david_lair_generic
D:12:     uniq_azrael, uniq_nessos, uniq_erolcha
D:13:     cheibrodos_frozen_isle, serial_shops, shop
Temple:   dpeg_five_rooms_temple

Skill      XL: |  1  2  3  4  5  6  7  8  9 10 11 12 13 |
---------------+----------------------------------------+-----
Short Blades   | 2 3 4 5 6 8 10 12 | 12.5
Dodging        | 3 4 5 6 8 10 11 | 11.7
Shields        | 1 2 3 4 5 |  5.6
Stealth        | 5 6 7 8 10 12 13 15 | 15.7
Invocations    | 5 6 |  6.3
Fighting       | 5 6 |  6.4
Spellcasting   | |  2.1
Hexes          | |  3.0

Action                   |  1- 3 |  4- 6 |  7- 9 | 10-12 | 13-15 || total
-------------------------+-------+-------+-------+-------+-------++-------
Melee: Dagger            |    98 |   125 |   884 |   376 |       ||  1483
       Short sword       |       |       |       |   429 |       ||   429
       Rapier            |       |       |       |   262 |    95 ||   357
 Cast: Ensorcelled Hiber |    18 |    28 |    56 |    43 |       ||   145
       Corona            |     2 |       |     4 |       |       ||     6
       Confuse           |       |       |    15 |     8 |       ||    23
 Abil: Evoke Flight      |       |       |       |     1 |       ||     1
Evoke: Deck              |       |     1 |     4 |    31 |     6 ||    42
       Wand              |       |       |     8 |    22 |       ||    30
  Use: Potion            |     2 |     1 |    10 |     1 |     1 ||    15
       Scroll            |       |    10 |    10 |    10 |       ||    30
 Stab: Sleeping          |    12 |    25 |    35 |    45 |     1 ||   118
       Invisible         |     1 |       |       |       |       ||     1
       Distracted        |       |     2 |     1 |     6 |       ||     9
       Confused          |       |       |     3 |     1 |       ||     4
  Eat: Chunk             |    13 |    10 |    26 |    32 |       ||    81
Armor: Robe              |    14 |    11 |    39 |       |       ||    64
       Ring mail         |       |       |    21 |   142 |     3 ||   166
Dodge: Dodged            |   101 |   102 |   569 |   610 |    49 ||  1431
Block: Buckler           |       |       |    12 |   263 |    22 ||   297

Table legend:
 A = Non-vault XP
 B = Vault XP
 C = Vault XP percentage of total XP
 D = Non-vault monster count
 E = Vault monster count
 F = Vault count percentage of total count
                 A         B        C        D         E       F
            +---------+---------+-------+---------+---------+-------
      Total |   20164 |    9086 |  31.1 |     331 |      53 |  13.8
            +---------+---------+-------+---------+---------+-------
        D:1 |      19 |       2 |   9.5 |      11 |       1 |   8.3
        D:2 |      75 |       4 |   5.1 |      20 |       2 |   9.1
        D:3 |      46 |       0 |   0.0 |      15 |       0 |   0.0
        D:4 |     631 |     238 |  27.4 |      30 |       1 |   3.2
        D:5 |     756 |     235 |  23.7 |      30 |      12 |  28.6
        D:6 |     878 |       0 |   0.0 |      20 |       0 |   0.0
        D:7 |     674 |       0 |   0.0 |      24 |       0 |   0.0
        D:8 |    2051 |     919 |  30.9 |      40 |       7 |  14.9
        D:9 |    2398 |    1493 |  38.4 |      44 |       4 |   8.3
       D:10 |    2389 |     958 |  28.6 |      19 |       4 |  17.4
       D:11 |    2638 |     133 |   4.8 |      31 |       1 |   3.1
       D:12 |    4779 |    3495 |  42.2 |      34 |       8 |  19.0
       D:13 |    2830 |    1609 |  36.2 |      13 |      13 |  50.0
            +---------+---------+-------+---------+---------+-------
